 Dungeon Crawl Stone Soup version 0.21-a0-2-ge494091 (webtiles) character file.

60 DevlanMud the Skirmisher (level 4, -3/37 HPs)
             Began as a Formicid Abyssal Knight on May 21, 2017.
             Was a Believer of Lugonu.
             Slain by Robin
             ... wielding a +8 club
              (11 damage)
             ... on level 2 of the Dungeon.
             The game lasted 00:04:11 (1445 turns).

DevlanMud the Skirmisher (Formicid Abyssal Knight)  Turns: 1445, Time: 00:04:11

Health: -3/37      AC:  5    Str: 17    XL:     4   Next: 24%
Magic:  6/6        EV: 10    Int: 12    God:    Lugonu [**....]
Gold:   47         SH:  0    Dex: 10    Spells: 3/3 levels left

rFire    . . .     SeeInvis +   a - +1 falchion
rCold    . . .     Gourm    .   (no shield)
rNeg     . . .     Faith    .   j - +0 ring mail
rPois    .         Spirit   .   (helmet unavailable)
rElec    .         Reflect  .   (no cloak)
rCorr    .         Harm     .   (no gloves)
MR       .....                  (no boots)
Stlth    ..........             (no amulet)
Regen    0.2/turn               (no ring)
MPRegen  0.1/turn               (no ring)

@: no status effects
A: permanent stasis, dig shafts and tunnels, four strong arms, antennae 3
a: Dig, Shaft Self, Depart the Abyss, Bend Space, Renounce Religion


You were on level 2 of the Dungeon.
You worshipped Lugonu.
Lugonu was pleased with you.
You were not hungry.

You visited 1 branch of the dungeon, and saw 2 of its levels.
You visited the Abyss 1 time.

You collected 47 gold pieces.

Inventory:

Hand Weapons
 a - a +1 falchion (weapon)
Armour
 j - a +0 ring mail (worn)
Scrolls
 d - a scroll of blinking {unknown}
 e - a scroll of recharging {unknown}
 f - 2 scrolls of teleportation {unknown}
Potions
 i - a potion of haste {unknown}
Comestibles
 c - a bread ration
 g - a chunk of flesh
 h - a meat ration


   Skills:
 + Level 3.8 Fighting
 * Level 3.0 Long Blades
 + Level 2.6 Armour
 - Level 0.8 Dodging
 + Level 3.0 Invocations


You had 3 spell levels left.
You didn't know any spells.

Dungeon Overview and Level Annotations

Branches:
Dungeon (2/15)

Altars:

Annotations:
D:2 Robin


Innate Abilities, Weirdness & Mutations

You cannot be hasted, slowed, berserked, paralysed or teleported.
You can dig through walls and to a lower floor.
Your four strong arms can wield two-handed weapons with a shield.
You have a pair of large antennae on your head. (SInv)


Message History

You barely miss the goblin. The goblin hits you.
* * * LOW HITPOINT WARNING * * *
You hit the goblin.
The goblin is severely wounded.
The goblin closely misses you.
You riposte.
You hit the goblin.
You kill the goblin!
Lugonu accepts your kill.
You closely miss Robin. Robin barely misses you.
You riposte.
You hit Robin.
Robin is lightly wounded.
You barely miss Robin.
Robin is lightly wounded.
Robin barely misses you.
You barely miss Robin.
Robin is lightly wounded.
Robin hits you with an enchanted club.
* * * LOW HITPOINT WARNING * * *
You hit Robin.
Robin is lightly wounded.
Robin hits you with an enchanted club!
You die...

### #@##
#... ####g#
#..#
###.#{######
#..#
#..gg{...g.#
#..#
#.#(######.#
#..#
##.....# #.#
#..#
#.##....#.##
#.# #..#
#...#[....#
#.# #..#
#.#.....#..#
#.# #..#


You could see Robin.

Vanquished Creatures
  2 adders
  5 bats (D:1)
  A giant cockroach (D:1)
  9 goblins
  2 hobgoblins (D:1)
  6 jackals (D:1)
  3 kobolds
  A ball python (D:1)
  6 frilled lizards (D:1)
  5 rats (D:1)
40 creatures vanquished.

Notes
Turn   | Place    | Note
-------+----------+-------------------------------------------
     0 | Abyss:1  | DevlanMud the Formicid Abyssal Knight began the quest for the Orb.
     0 | Abyss:1  | Reached XP level 1. HP: 18/18 MP: 2/2
    55 | D:1      | Escaped the Abyss
   175 | D:1      | Reached XP level 2. HP: 24/24 MP: 3/3
   298 | D:1      | Reached ** piety under Lugonu
   305 | D:1      | Reached XP level 3. HP: 19/29 MP: 4/4
  1236 | D:1      | Reached XP level 4. HP: 19/37 MP: 6/6
  1426 | D:2      | Noticed Robin
  1445 | D:2      | Slain by Robin

Vault maps used:
D:1:      dpeg_arrival_subterranean_lakeside_camping,
          corexii_item_surrounded_by_moat
D:2:      lemuel_blue_sif_altar, uniq_robin, uniq_natasha
Abyss:1:  hangedman_decor_lopped

Skill      XL: |  1  2  3 |
---------------+----------+-----
Long Blades    | 3 |  3.0
Invocations    | 3 |  3.0
Fighting       | |  3.8
Armour         | |  2.6
Dodging        | |  0.8

Action                   |  1- 3 |  4- 6 || total
-------------------------+-------+-------++-------
Melee: Falchion          |    89 |    16 ||   105
 Abil: Dig               |     2 |     1 ||     3
  Eat: Chunk             |     1 |     1 ||     2
Armor: Leather armour    |    34 |       ||    34
       Ring mail         |       |     3 ||     3
Dodge: Dodged            |    70 |    13 ||    83
       Rpst.: Falchion   |    24 |     6 ||    30
